Map: Catalyst LE

Players

JonSnow

  • Race: Zerg Zerg
  • League: Grandmaster
  • Spawn Location: 5:00

Neeb - Winner!

  • Race: Protoss Protoss
  • League: Master
  • Spawn Location: 11:00

VOD

Have the link to the VOD?

Description

Time

  • Played on: Dec. 23, 2017, 7:51 p.m.
  • Length: 8:10
Show
View Real Time Build Order
Export as new Build Order

JonSnow Zerg 

Build Orders: Pool First 

Get SALT Encoding   

  12  0:00  Drone  
  13  0:12  Overlord  
  13  0:18  Drone  
  14  0:31  Drone x2  
  14  0:34  Drone  
  17  0:49  Drone  
  18  1:00  Drone  
  19  1:05  Extractor  
  19  1:06  Spawning Pool  
  17  1:18  Drone  
  17  1:19  Drone  
  19  1:28  Drone  
  20  1:39  Drone  
  21  1:44  Hatchery  
  20  1:53  Zergling x2  
  21  1:59  Queen  
  21  2:00  Extractor  
  23  2:09  Hatchery  
  23  2:13  Metabolic Boost  
  22  2:19  Overlord  
  22  2:37  Drone x2, Queen  
  22  2:41  Drone  
  27  2:49  Zergling x2  
  28  2:56  Queen  
  28  2:57  Zergling x2  
  31  3:01  Zergling x2  
  32  3:07  Drone  
  32  3:09  Drone x2  
  32  3:12  Drone  
  35  3:14  Overlord  
  35  3:21  Zergling x4  
  35  3:23  Drone  
  38  3:28  Queen  
  38  3:32  Drone  
  41  3:36  Drone x2  
  43  3:43  Spore Crawler x2  
  43  3:45  Drone  
  43  3:46  Drone  
  43  3:50  Drone x2  
  45  3:56  Spore Crawler  
  45  4:00  Overlord  
  44  4:10  Drone x5  
  49  4:20  Overlord x2  
  49  4:22  Lair  
  49  4:24  Overlord  
  49  4:31  Overlord  
  49  4:36  Overlord  
  49  4:41  Drone x6  
  55  4:47  Extractor  
  55  4:48  Extractor, Drone x4  
  55  4:50  Drone  
  58  4:58  Zergling x6  
  61  5:08  Zergling x10  
  65  5:16  Overlord x2  
  63  5:23  Drone x2  
  63  5:24  Hydralisk Den  
  64  5:38  Overlord  
  64  5:40  Zergling x2  
  64  5:41  Extractor, Zergling x18  
  73  5:53  Hydralisk, Muscular Augments  
  73  5:54  Hydralisk x2  
  79  5:57  Drone  
  80  6:04  Hydralisk x2  
  80  6:06  Zergling x2  
  80  6:07  Zergling x4  
  87  6:15  Hydralisk  
  87  6:17  Zergling x2  
  85  6:27  Hydralisk x2  
  85  6:28  Zergling x8  
  85  6:34  Hydralisk  
  85  6:35  Zergling x4  
  88  6:41  Hydralisk  
  90  6:48  Zergling x12  
  96  6:54  Hydralisk x2  
  96  7:00  Hydralisk  
  102  7:01  Zergling x2  
  102  7:06  Hydralisk  
  105  7:18  Hydralisk  
  105  7:19  Hydralisk  
  105  7:20  Zergling x10  
  113  7:30  Overlord  
  111  7:38  Hydralisk x2  
  105  7:51  Zergling x2  
  105  7:52  Zergling x10  
Show
View Real Time Build Order
Export as new Build Order

Neeb Protoss - Winner!

Build Orders: 1 Gate Expand, Oracle Opening, Phoenix Opening, Zealot Archon, Archon Drop 

Get SALT Encoding   

  12  0:01  Probe  
  13  0:15  Pylon  
  13  0:18  Probe (Chrono Boost)  
  14  0:28  Probe (Chrono Boost)  
  15  0:33  Probe (Chrono Boost)  
  16  0:42  Gateway  
  16  0:44  Probe  
  17  0:51  Assimilator  
  17  0:57  Probe  
  18  1:02  Pylon  
  18  1:09  Probe  
  19  1:21  Probe  
  19  1:25  Pylon  
  20  1:34  Nexus  
  20  1:44  Cybernetics Core  
  20  1:45  Probe  
  21  1:51  Assimilator  
  21  1:57  Probe  
  21  1:58  Pylon  
  22  2:09  Probe (Chrono Boost)  
  23  2:18  Adept (Chrono Boost)  
  23  2:21  Probe (Chrono Boost)  
  26  2:29  Stargate, Probe (Chrono Boost)  
  27  2:35  Probe  
  28  2:37  Adept  
  28  2:43  Warp Gate  
  30  2:46  Probe  
  30  2:47  Probe  
  32  2:54  Gateway  
  32  2:58  Probe  
  32  3:01  Probe  
  32  3:05  Pylon  
  34  3:10  Probe  
  34  3:11  Oracle (Chrono Boost)  
  35  3:16  Probe  
  39  3:22  Probe  
  40  3:27  Adept  
  40  3:28  Probe  
  43  3:34  Assimilator, Probe  
  43  3:36  Assimilator  
  43  3:40  Phoenix (Chrono Boost)  
  46  3:43  Probe  
  46  3:47  Probe  
  48  3:48  Pylon  
  48  3:55  Probe  
  49  3:59  Probe  
  50  4:03  Gateway  
  50  4:06  Robotics Facility  
  50  4:08  Probe  
  51  4:11  Probe  
  52  4:20  Probe  
  52  4:22  Twilight Council  
  52  4:23  Probe  
  54  4:24  Pylon  
  54  4:32  Probe  
  54  4:34  Pylon  
  54  4:35  Probe  
  56  4:39  Gateway  
  57  4:45  Probe  
  57  4:47  Adept  
  57  4:48  Adept  
  57  4:49  Probe  
  62  4:55  Pylon  
  62  4:56  Warp Prism (Chrono Boost)  
  64  5:05  Templar Archives  
  64  5:22  Nexus  
  64  5:25  Pylon, Probe x2  
  66  5:38  Gateway  
  66  5:40  Charge, Gateway x2  
  66  5:45  High Templar x3  
  66  5:46  High Templar  
  66  5:49  Archon  
  74  5:50  Archon  
  74  5:54  Gateway  
  74  5:57  Probe x2  
  74  5:58  Observer  
  74  5:59  Pylon  
  77  6:09  Probe x2  
  77  6:11  Shield Battery  
  79  6:21  Probe x2  
  79  6:22  Sentry x2  
  79  6:23  Sentry x2  
  89  6:33  Probe x2  
  89  6:34  Probe  
  92  6:45  Probe x2  
  94  6:48  Probe  
  94  6:50  High Templar x2  
  94  6:51  Zealot x6  
  111  6:55  Archon, Pylon  
  111  6:57  Probe  
  112  7:03  Forge  
  112  7:06  Pylon  
  112  7:16  Probe  
  112  7:19  Zealot x6  
  125  7:26  Zealot  
  125  7:27  Zealot  
  125  7:29  Pylon  
  129  7:30  Pylon  
  129  7:31  Pylon  
  129  7:40  Zealot x2  
  129  7:41  Pylon  
  132  7:45  Zealot  
  122  7:53  Zealot x5  
Tags
 
Add a new tag
Caveats
  • Supply blocks, unpowered buildings, or Contaminate may cause inaccurate times.
  • Supply counts are checked every 10 seconds.